 Dungeon Crawl Stone Soup version 0.28.0-53-g5a82cb258f (webtiles) character file.

Game seed: 9043763975136073185

320 Ijustatesigmund the Stinger (level 6, -3/38 HPs)
             Began as an Octopode Venom Mage on July 18, 2022.
             Slain by a water moccasin (9 damage)
             ... on level 4 of the Dungeon.
             The game lasted 00:11:05 (5333 turns).

Ijustatesigmund the Stinger (Octopode Venom Mage)   Turns: 5333, Time: 00:11:06

Health: -3/38      AC:  1    Str:  7    XL:     6   Next: 46%
Magic:  9/9        EV: 17    Int: 19    God:
Gold:   149        SH:  0    Dex: 13    Spells: 1/9 levels left

rFire   . . .      SeeInvis .   a - +0 hand axe (venom)
rCold   . . .      Faith    .   (no shield)
rNeg    . . .      Spirit   .   (helmet restricted)
rPois   .          Reflect  .   (no amulet)
rElec   .          Harm     .   b - +4 ring of evasion
rCorr   .          Rampage  .   (no ring)
Will    .....                   (no ring)
Stlth   +++.......              (no ring)
HPRegen 0.12/turn               (no ring)
MPRegen 0.11/turn               (no ring)
                                (no ring)
                                (no ring)

@: brilliant, lethally poisoned (-3 -> -3), hasted, very quick
A: almost no armour, amphibious, 8 rings, camouflage 1, gelatinous body 1,
(nimble swimmer 1), tentacles
a: no special abilities


You were on level 4 of the Dungeon.
You visited 2 branches of the dungeon, and saw 6 of its levels.

You collected 149 gold pieces.

Inventory:

Hand Weapons
 a - a +0 hand axe of venom (weapon)
Jewellery
 b - a +4 ring of evasion (left tentacle)
Wands
 f - a wand of digging (3)
Scrolls
 g - 2 scrolls of amnesia
 j - a scroll of blinking
 l - a scroll of identify
 n - 2 scrolls of teleportation
Potions
 c - 2 potions of might
 d - a potion of curing {unknown}
 e - a potion of flight
 h - a potion of haste
 i - a potion of resistance
 m - a potion of degeneration {unknown}


   Skills:
 - Level 1.0 Fighting
 - Level 2.0 Dodging
 - Level 2.6 Stealth
 - Level 2.4 Spellcasting
 + Level 2.7 Conjurations
 + Level 3.1 Transmutations
 + Level 2.8 Air Magic
 + Level 0.0 Earth Magic
 + Level 4.7 Poison Magic


You had one spell level left.
You knew the following spells:

 Your Spells              Type           Power      Damage    Failure   Level
a - Sting                 Tmut/Pois      100%       1d8       3%          1
b - Poisonous Vapours     Pois/Air       48%        N/A       5%          2
c - Mephitic Cloud        Conj/Pois/Air  23%        N/A       12%         3
d - Passwall              Tmut/Erth      10%        N/A       13%         2

Your spell library contained the following spells:

 Spells                   Type           Power      Damage    Failure   Level
 Animate Skeleton         Necr           6%         N/A       16%         1
 Pain                     Necr           12%        1d4       16%         1
 Swiftness                Air            19%        N/A       16%         3
 Ensorcelled Hibernation  Hex/Ice        6%         N/A       24%         2
 Olgreb's Toxic Radiance  Pois           30%        N/A       24%         4
 Vampiric Draining        Necr           3%         2d6       43%         3


Dungeon Overview and Level Annotations

Branches:
Dungeon (5/15)             Temple (1/1) D:4

Altars:
Cheibriados
Dithmenos
Elyvilon
Fedhas
Gozag
Hepliaklqana
Okawaru
Ru
Trog
Vehumet
Wu Jian
Xom
Jiyva

Annotations:
D:4 3 runed translucent doors, Grinder; pista233's ghost, novice TrHu


Innate Abilities, Weirdness & Mutations

You cannot wear most types of armour.
You are amphibious.
You can wear up to eight rings at the same time.
Your skin changes colour to match your surroundings (Stealth+).
Your rubbery body absorbs attacks. (AC +1, EV +1)
((You are camouflaged when in or above water. (Stealth+)))
You have tentacles for arms and can constrict up to eight enemies at once.


Message History

There is a stone staircase leading down here.
You climb downwards.
The centaur shouts!
The adder hisses angrily.
The water moccasin hisses angrily. x2
Found a scroll of teleportation and 9 gold pieces.
Found a stone staircase leading down.
There is a stone staircase leading up here.
There are monsters nearby!
Casting: Sting (safe; 3% risk of failure)
Confirm with . or Enter, or press ? or * to list all spells.
Aiming: Poisonous Vapours (safe; 5% risk of failure)
Press: ? - help, Dir - move target, f - water moccasin
Aim: a water moccasin The water moccasin cannot be affected by poisonous vapours!
Casting: Poisonous Vapours (safe; 5% risk of failure)
Confirm with . or Enter, or press ? or * to list all spells.
Aiming: Sting (safe; 3% risk of failure)
Press: ? - help, Shift-Dir - straight line, f/p - water moccasin
Aim: a water moccasin (57% to hit)
The sting misses the water moccasin.
The water moccasin bites you.
You are poisoned.
The water moccasin poisons you!
The centaur wields a +0 shortbow.
The centaur shoots an arrow.
The arrow hits you!
You climb upwards.
Level annotation: 3 runed translucent doors, Grinder; pista233's ghost, novice TrHu You feel very sick.
There is a stone staircase leading down here.
It was a potion of haste.
You feel yourself speed up.
You feel sick. The water moccasin barely misses you.
The water moccasin bites you.
* * * LOW HITPOINT WARNING * * *
You feel sick.
You feel sick.
You feel sick.
You feel sick.
You feel sick.
It was a potion of brilliance.
You feel clever all of a sudden. The water moccasin bites you!
You die...

.##..........#.#.#...#..#****,≈≈P
......(....#.......#......,,,,,♣≈
.........#...#.>.#...#.....,,,,≈*
...........#.......#.......>,,,**
.............#.#.#..........,,,**
#.........#...............,,,,,,,
##.......##...#.#........,,,,,,,,
..........##.............***,,,,*
..........####.#@........,**,,,**
...........###.S.........,***,,,*
.#########.....[.........##*,,,,,
.#,(..W#............#...5..*,,,,*
.#,(...#..#..####.###,.....*,,,,*
##,..(.+....#####.###*.....*,,,,*
*,....+..>.##......#......*,,,,,
*,.♣..+..#.#..............,,<,,,
*,...(#..#....#...........,,,,,,


You could see a water moccasin.

Vanquished Creatures
  A black bear (D:4)
  A scorpion (D:4)
  Robin (D:2)
  An adder (D:1)
  5 gnolls
  2 worms
  3 dart slugs
  7 bats
  8 endoplasms
  5 giant cockroaches
  15 goblins
  11 hobgoblins
  2 jackals (D:2)
  6 kobolds
  A quokka (D:2)
  6 ball pythons
  5 frilled lizards
  5 rats
85 creatures vanquished.

Vanquished Creatures (others)
  15 plants
15 creatures vanquished.

Grand Total: 100 creatures vanquished

Notes
Turn   | Place    | Note
-------+----------+-------------------------------------------
     0 | D:1      | Ijustatesigmund the Octopode Venom Mage began the quest for
                  | the Orb.
     0 | D:1      | Reached XP level 1. HP: 11/11 MP: 3/3
   381 | D:1      | Reached XP level 2. HP: 17/17 MP: 1/5
   428 | D:1      | Learned a level 2 spell: Poisonous Vapours
   573 | D:1      | Reached skill level 4 in Poison Magic
   917 | D:1      | Reached XP level 3. HP: 17/21 MP: 3/6
  1110 | D:1      | Learned a level 3 spell: Mephitic Cloud
  1655 | D:2      | Reached skill level 1 in Air Magic
  1691 | D:2      | Reached skill level 1 in Conjurations
  1691 | D:2      | Reached XP level 4. HP: 17/27 MP: 4/7
  2880 | D:2      | Noticed Robin
  2890 | D:2      | Killed Robin
  2891 | D:2      | Reached XP level 5. HP: 31/31 MP: 5/8
  4728 | D:4      | Found a staircase to the Ecumenical Temple.
  4764 | Temple   | Entered the Ecumenical Temple
  4947 | D:4      | Reached XP level 6. HP: 36/37 MP: 9/9
  5002 | D:4      | Found a blossoming altar of Fedhas.
  5005 | D:4      | Reached skill level 1 in Fighting
  5057 | D:4      | Noticed a black bear
  5071 | D:4      | Killed a black bear
  5252 | D:4      | Learned a level 2 spell: Passwall
  5298 | D:4      | Found a runed translucent gate.
  5298 | D:4      | Found a runed translucent gate.
  5298 | D:4      | Found a runed translucent gate.
  5299 | D:4      | Noticed pista233's ghost (novice TrHu)
  5311 | D:4      | Noticed Grinder
  5322 | D:5      | Entered Level 5 of the Dungeon
  5322 | D:5      | Noticed a water moccasin
  5322 | D:5      | Noticed a water moccasin
  5333 | D:4      | Slain by a water moccasin

Illustrated notes

Levels and vault maps discovered:
D:1:      dpeg_arrival_tiny_e, layout_basic
D:2:      layout_basic, serial_bayou_pond_c, uniq_robin
D:3:      layout_basic
D:4:      layout_cave_pools, mainiacjoe_overflow_cross_hatched,
          minmay_temple_entry_sparse_star, serial_bayou, serial_bayou_shore_a,
          serial_bayou_lake_a, serial_bayou_pond_d, serial_bayou_pond_e,
          serial_bayou_pond_c, serial_bayou_crossing, ebering_ghost_rock_garden,
          uniq_grinder
D:5:      layout_layer_cave, minmay_misc_feat_diagonals
Temple:   pf_slime_end_temple

Skill      XL: |  1  2  3  4  5  6 |
---------------+-------------------+-----
Poison Magic   | 4 |  4.7
Transmutations | 2 3 |  3.1
Air Magic      | 1 2 |  2.8
Conjurations   | 1 2 |  2.7
Fighting       | 1 |  1.0
Dodging        | |  2.0
Stealth        | |  2.6
Spellcasting   | |  2.4

Action                   |  1- 3 |  4- 6 || total
-------------------------+-------+-------++-------
Melee: Unarmed           |    17 |       ||    17
       Constrict         |    15 |    21 ||    36
       Tentacles         |    12 |    22 ||    34
       Short sword       |    43 |     1 ||    44
       Punch             |     1 |     3 ||     4
       Dagger            |       |    59 ||    59
       Hand axe          |       |    17 ||    17
 Cast: Sting             |    24 |    13 ||    37
       Poisonous Vapours |     9 |    35 ||    44
  Use: Scroll            |     4 |     6 ||    10
       Potion            |       |     2 ||     2
 Stab: Sleeping          |     2 |     1 ||     3
Armor: Skin              |     1 |     3 ||     4
Dodge: Dodged            |    57 |    57 ||   114
